 Dungeon Crawl Stone Soup version 0.32-a0-996-gb3226c233f (webtiles) character file.

Game seed: 12854314600945659177

858 ezpacito the Trooper (level 8, -1/61 HPs)
             Began as a Coglin Chaos Knight on Apr 23, 2024.
             Was a Plaything of Xom.
             Slain by Menkaure (19 damage)
             ... on level 5 of the Dungeon.
             The game lasted 00:05:30 (4846 turns).

ezpacito the Trooper (Coglin Chaos Knight)          Turns: 4846, Time: 00:05:31

Health: -1/61      AC: 11    Str: 14    XL:     8   Next: 2%
Magic:  10/10      EV: 10    Int: 12    God:    Xom [...*..]
Gold:   239        SH:  0    Dex: 14    Spells: 2/9 levels left

rFire   + + .        a - +0 hand axe (chaos) {Haoran}
rCold   . . .        d - +0 trident (chaos) {Balvinder}
rNeg    . . .        t - +3 ring mail {rF+}
rPois   .            p - +0 helmet
rElec   .            (no cloak)
rCorr   .            b - +0 pair of gloves
SInv    .            n - +0 pair of boots
Will    .....        (amulet unavailable)
Stlth   +            (ring unavailable)
HPRegen 0.30/turn    (ring unavailable)
MPRegen 0.12/turn    (no gizmo)

%: no passive effects
@: revving
A: off-hand wielding, slow wielding, warmup strikes, no jewellery, iridescent
scales 1, deformed body, fire resistance 1
a: Invent Gizmo, Renounce Religion


You were on level 5 of the Dungeon.
You worshipped Xom.
You were a favourite toy of Xom.
You visited 1 branch of the dungeon, and saw 5 of its levels.
You also visited: Sewer.

You collected 239 gold pieces.

Inventory:

Hand Weapons
 a - a +0 hand axe of chaos (weapon) {Haoran}
 d - a +0 trident of chaos (offhand) {Balvinder}
 i - a +0 war axe
 A - a +0 sling
Missiles
 e - 3 poisoned darts (quivered)
 g - 2 boomerangs
 o - a curare-tipped dart
Armour
 b - a +0 pair of gloves (worn)
 n - a +0 pair of boots (worn)
 p - a +0 helmet (worn)
 t - a +3 ring mail of fire resistance (worn)
 w - a +0 troll leather armour {Pargi}
Wands
 m - a wand of paralysis (11)
 r - a wand of warping (6)
 y - a wand of acid (3)
Scrolls
 c - a scroll of butterflies
 f - a scroll of amnesia
 j - a scroll of vulnerability
 k - 3 scrolls of poison
 l - 2 scrolls of fog
 s - 3 scrolls of enchant weapon
 B - 3 scrolls of blinking
Potions
 h - 2 potions of degeneration {unknown}
 u - 2 potions of heal wounds {unknown}
 v - a potion of might {unknown}
 z - a potion of haste {unknown}


   Skills:
 * Level 4.4 Fighting
 * Level 4.3(4.7) Axes
 * Level 2.4(3.5) Polearms
 + Level 1.6 Throwing
 * Level 3.1 Armour
 * Level 2.9 Dodging
 + Level 1.5 Stealth
 + Level 1.4 Spellcasting
 + Level 1.0 Necromancy
 + Level 1.0 Translocations
 + Level 0.9 Air Magic
 + Level 1.3 Alchemy
 + Level 2.1 Evocations


You had 2 spell levels left.
You knew the following spells:

 Your Spells              Type           Power      Damage    Failure   Level
a - Mercury Vapours       Alch/Air       6%         N/A       47%         2
b - Blink                 Tloc           6%         N/A       50%         2
c - Fugue of the Fallen   Necr           3%         N/A       73%         3

Your spell library contained the following spells:

 Spells                   Type           Power      Damage    Failure   Level
 Freeze                   Ice            0%         1d3       50%         1
 Lesser Beckoning         Tloc           6%         N/A       50%         2
 Momentum Strike          Conj/Tloc      4%         3d8       56%         2
 Mephitic Cloud           Conj/Alch/Air  2%         N/A       77%         3
 Frozen Ramparts          Ice            0%         1d1       86%         3
 Hailstorm                Conj/Ice       0%         3d5       86%         3
 Ozocubu's Armour         Ice            0%         N/A       86%         3
 Freezing Cloud           Conj/Ice/Air   0%         6-21      100%        5
 Manifold Assault         Tloc           1%         N/A       100%        7


Dungeon Overview and Level Annotations

Branches:
Dungeon (5/15)              Sewer (visited)
 Temple: D:4-7

Altars:
Zin

Annotations:
D:5 Menkaure


Innate Abilities, Weirdness & Mutations

You can wield a second weapon in your off-hand.
It takes a long time for you to wield or remove held weapons.
Your first few attacks do less damage.
You cannot equip rings or amulets.
You are partially covered in iridescent scales. (AC +2)
Armour fits poorly on your strangely shaped body.
Your flesh is heat resistant. (rF+)


Message History

Moving in this stuff is going to be slow.
There is a stone staircase leading up here.
Menkaure, Prince of Dust comes into view.
Menkaure is nearby!
Menkaure is nearby!
Menkaure calls on the powers of darkness!
Your body is wracked with pain!
A shower of butterflies erupts from you!
You take 29 damage, and have 32/61 hp.
MASSIVE DAMAGE!!
You are too injured to fight recklessly!
You are too injured to fight recklessly!
You are too injured to fight recklessly!
You are too injured to fight recklessly!
You are too injured to fight recklessly!
You are too injured to fight recklessly!
You are too injured to fight recklessly!
You are too injured to fight recklessly!
You are too injured to fight recklessly!
You are too injured to fight recklessly!
You feel better. Menkaure misses your butterfly.
You regained 10 hp, and now have 42/61 hp.
You swap places.
Menkaure barely misses you.
You see here a potion of curing.
You hit Menkaure with your +0 trident of chaos.
Menkaure seems to speed up.
Menkaure is moderately damaged.
You hit Menkaure with your +0 hand axe of chaos.
Menkaure hits you!
You take 10 damage, and have 33/61 hp.
You hit Menkaure but do no damage.
Menkaure is moderately damaged.
You hit Menkaure but do no damage. Menkaure hits you!
* * * LOW HITPOINT WARNING * * *
You take 16 damage, and have 17/61 hp.
MASSIVE DAMAGE!!
You hit Menkaure with your +0 hand axe of chaos.
You burn Menkaure.
Menkaure is heavily damaged.
You hit Menkaure with your +0 trident of chaos.
Menkaure convulses.
Menkaure hits you!!
You die...

##†.#####.###. ####....# ##.#
###... #.# #.#. #.. ### #.## #.##
##.. .. # #.# #... #.# # ... #
..########. # ##.
#.####.##......#. # .
#.M@.b.##........
#.b##.###.......### ######## ###
#.............# #......###
##..#.......#.## #.####...###
#.##.......#... ......##...###
###.#.......)...#
......####...####.....#...†.#.#.#
......######...##.#..##.....###.#
....<................#...#...#...


You could see Menkaure (fast, ally target).

Vanquished Creatures
  Edmund (D:4)
  Pargi (Sewer)
  A black bear (D:5)
  A kobold brigand (Sewer)
  A scorpion (D:4)
  A killer bee (D:5)
  2 hounds
  2 jellies
  An iguana (D:4)
  Jessica (D:3)
  Ijyb (D:3)
  Natasha (twice) (D:4)
  6 adders
  A white imp (D:5)
  3 ribbon worms
  A dart slug (D:1)
  6 orcs
  7 ball pythons
  8 bats
  7 endoplasms
  5 giant cockroaches
  10 goblins
  3 hobgoblins
  5 frilled lizards
  6 kobolds
  2 rats
85 creatures vanquished.

Vanquished Creatures (collateral kills)
  A hobgoblin (D:4)
  A quokka (D:4)
2 creatures vanquished.

Grand Total: 87 creatures vanquished

Notes
Turn   | Place    | Note
-------+----------+-------------------------------------------
     0 | D:1      | ezpacito the Coglin Chaos Knight began the quest for the
                  | Orb.
     0 | D:1      | Reached XP level 1. HP: 18/18 MP: 1/1
    11 | D:1      | XOM: silly message
    63 | D:1      | Reached skill level 1 in Dodging
    80 | D:1      | XOM: silly message
   212 | D:1      | Reached XP level 2. HP: 22/24 MP: 2/2
   273 | D:1      | XOM: silly message
   789 | D:2      | Reached XP level 3. HP: 27/29 MP: 3/3
  1076 | D:2      | XOM: silly message
  1457 | D:3      | Noticed Ijyb
  1473 | D:3      | Killed Ijyb
  1474 | D:3      | Reached skill level 1 in Polearms
  1474 | D:3      | Reached XP level 4. HP: 22/35 MP: 4/4
  1764 | D:3      | Reached XP level 5. HP: 40/41 MP: 6/6
  1863 | D:3      | Noticed Jessica
  1872 | D:3      | Killed Jessica
  2416 | D:3      | XOM: give mutation
  2416 | D:3      | Gained mutation: Your flesh is heat resistant. (rF+) [Xom's
                  | grace]
  2654 | D:4      | Noticed Edmund
  2664 | D:4      | XOM: divination: detect items
  2666 | D:4      | XOM: potion effect (brilliance)
  2668 | D:4      | Killed Edmund
  2669 | D:4      | Reached skill level 1 in Throwing
  2669 | D:4      | Reached skill level 1 in Stealth
  2669 | D:4      | Reached skill level 1 in Spellcasting
  2669 | D:4      | Reached skill level 1 in Evocations
  2669 | D:4      | Reached XP level 6. HP: 28/48 MP: 7/7
  2710 | D:4      | XOM: cloud trail
  2888 | D:4      | Learned a level 2 spell: Mercury Vapours
  2891 | D:4      | Learned a level 2 spell: Blink
  2895 | D:4      | Learned a level 3 spell: Fugue of the Fallen
  2906 | D:4      | XOM: enchant monster (good)
  3213 | D:4      | Found a glowing silver altar of Zin.
  3231 | D:4      | Noticed Natasha
  3235 | D:4      | Killed Natasha
  3381 | D:4      | XOM: cloud trail
  3611 | D:4      | XOM: give mutation
  3611 | D:4      | Gained mutation: Armour fits poorly on your strangely
                  | shaped body. [Xom's mischief]
  3653 | D:4      | Noticed Natasha
  3661 | D:4      | Killed Natasha
  4005 | D:4      | XOM: give mutation
  4005 | D:4      | Gained mutation: You are partially covered in iridescent
                  | scales. (AC +2) [Xom's grace]
  4141 | D:5      | Entered Level 5 of the Dungeon
  4147 | D:5      | Reached XP level 7. HP: 54/54 MP: 8/8
  4152 | D:5      | Reached skill level 1 in Alchemy
  4178 | D:5      | XOM: chaos upgrade
  4496 | D:5      | Found a glowing drain.
  4526 | Sewer    | Entered a sewer
  4574 | Sewer    | XOM: blink monster(s)
  4627 | Sewer    | Noticed Pargi
  4638 | Sewer    | Killed Pargi
  4639 | Sewer    | Reached skill level 1 in Necromancy
  4734 | Sewer    | Reached skill level 1 in Translocations
  4734 | Sewer    | Reached XP level 8. HP: 61/61 MP: 10/10
  4840 | D:5      | Noticed Menkaure
  4841 | D:5      | XOM: butterfly on damage
  4846 | D:5      | Slain by Menkaure

Illustrated notes

Levels and vault maps discovered:
D:1:      lordsloth_arrival_two_stooges, layout_basic
D:2:      layout_basic, kennysheep_another_room, minivault_26,
          grunt_decor_arrowhead, minmay_heptomino_o4
D:3:      cheibrodos_helix_gallery, layout_basic, serial_rivers,
          chequers_serial_rivers_small_3, chequers_serial_rivers_small_3,
          chequers_serial_rivers_small_3, chequers_serial_rivers_micro_d,
          chequers_serial_rivers_micro_e, uniq_ijyb, uniq_jessica
D:4:      layout_basic, zin_academy, nicolae_titane, uniq_edmund, uniq_natasha
D:5:      layout_rooms, cheibrodos_sewer_entry_bend, nicolae_zig_zag_zippers,
          uniq_menkaure

Skill      XL: |  1  2  3  4  5  6  7 |
---------------+----------------------+-----
Dodging        | 1 2 |  2.9
Armour         | 2 3 |  3.1
Polearms       | 1 2 |  2.4
Throwing       | 1 |  1.6
Stealth        | 1 |  1.5
Spellcasting   | 1 |  1.4
Evocations     | 1 2 |  2.1
Fighting       | 4 |  4.4
Alchemy        | 1 |  1.3
Axes           | 4 |  4.3
Necromancy     | 1 |  1.0
Translocations | 1 |  1.0
Air Magic      | |  0.9

Action                     |  1- 3 |  4- 6 |  7- 9 || total
---------------------------+-------+-------+-------++-------
  Melee: Hand axe          |    81 |    83 |    79 ||   243
         Dagger            |    62 |       |       ||    62
         Spear             |    16 |    91 |    26 ||   133
         Trident           |       |       |    61 ||    61
  Evoke: Wand              |       |       |     3 ||     3
    Use: Scroll            |       |     7 |     6 ||    13
         Potion            |       |       |     3 ||     3
   Stab: Sleeping          |     1 |       |     2 ||     3
         Distracted        |     1 |       |       ||     1
         Petrifying        |     1 |     1 |     4 ||     6
         Petrified         |       |       |    11 ||    11
         Confused          |       |       |     4 ||     4
         Paralysed         |       |       |     1 ||     1
 Armour: Leather armour    |    55 |    20 |       ||    75
         Ring mail         |       |    42 |    71 ||   113
  Dodge: Dodged            |    46 |    40 |    46 ||   132

Table legend: (Time is in decaauts)
 A = Elapsed time spent in this place.
 B = Non-inter-level travel time spent in this place.
 C = Inter-level travel time spent in this place.
 D = Time resting spent in this place.
 E = Time spent auto-exploring this place.
 F = Levels seen in this place.
 G = Mean time per level.
                   A        B        C        D        E       F      G
               +--------+--------+--------+--------+--------+-----+--------+
         Total |   4902 |   4479 |    423 |      0 |   3487 |   6 |  817.0 |
       Dungeon |   4630 |   4207 |    423 |      0 |   3337 |   5 |  926.0 |
         Sewer |    271 |    271 |      0 |      0 |    150 |   1 |  271.0 |
               +--------+--------+--------+--------+--------+-----+--------+

Top non-repeatable levels by time:
     D:4: 1581 daAuts
     D:3: 1259 daAuts
     D:1: 772 daAuts
     D:2: 550 daAuts
     D:5: 467 daAuts
   Sewer: 271 daAuts
